 Dungeon Crawl Stone Soup version 0.27-a0-1105-g946c659c87 (webtiles) character file.

Game seed: 2562304854228270732

2 kae the Shield-Bearer (level 1, 0/18 HPs)
             Began as a Formicid Fighter on Apr 29, 2021.
             Slain by a kobold
             ... wielding a +1 short sword of flaming
              (4 damage)
             ... on level 1 of the Dungeon.
             The game lasted 00:00:08 (118 turns).

kae the Shield-Bearer (Formicid Fighter)             Turns: 118, Time: 00:00:09

Health: 0/18       AC:  6    Str: 20    XL:     1   Next: 33%
Magic:  1/1        EV:  7    Int:  7    God:
Gold:   16         SH:  9    Dex: 10    Spells: 0/0 levels left

rFire    . . .     SeeInvis +   a - +0 long sword
rCold    . . .     Faith    .   c - +0 kite shield
rNeg     . . .     Spirit   .   b - +0 scale mail
rPois    .         Reflect  .   (helmet unavailable)
rElec    .         Harm     .   (no cloak)
rCorr    .         Rampage  .   (no gloves)
Will     .....                  (no boots)
Stlth    ..........             (no amulet)
HPRegen  0.06/turn              (no ring)
MPRegen  0.07/turn              (no ring)

@: no status effects
A: permanent stasis, dig shafts and tunnels, antennae 3, four strong arms
a: Dig, Shaft Self


You were on level 1 of the Dungeon.
You visited 1 branch of the dungeon, and saw 1 of its levels.

You collected 16 gold pieces.

Inventory:

Hand Weapons
 a - a +0 long sword (weapon)
Armour
 b - a +0 scale mail (worn)
 c - a +0 kite shield (worn)
Scrolls
 e - a scroll of identify {unknown}
Potions
 d - a potion of might


   Skills:
 + Level 3.3 Fighting
 * Level 2.0 Long Blades
 + Level 3.3 Armour
 + Level 3.6 Shields


You couldn't memorise any spells.
You didn't know any spells.
Your spell library was empty.

Dungeon Overview and Level Annotations

Branches:
Dungeon (1/15)

Altars:


Innate Abilities, Weirdness & Mutations

You cannot be hasted, slowed, berserked, paralysed or teleported.
You can dig through walls and to a lower floor.
You have a pair of large antennae on your head. (SInv)
Your four strong arms can wield two-handed weapons with a shield.


Message History

No target in view!
Found a stone staircase leading down.
You sense a monster nearby.
A kobold comes into view.
It is wielding a +1 short sword of flaming.
The kobold shouts!
There is a stone staircase leading down here.
A kobold is nearby!
A kobold is nearby!
A kobold is nearby!
The kobold hits you but does no damage.
Found 14 stones.
You barely miss the kobold. You block the kobold's attack.
You closely miss the kobold.
The kobold hits you with a +1 short sword of flaming.
The kobold burns you. You block the kobold's attack.
You closely miss the kobold. You block the kobold's attack.
A kobold is nearby!
You closely miss the kobold.
The kobold hits you with a +1 short sword of flaming.
The kobold burns you. You block the kobold's attack.
You closely miss the kobold.
The kobold hits you with a +1 short sword of flaming.
The kobold burns you.
A kobold is nearby!
You are too injured to fight recklessly!
You are too injured to fight recklessly!
A kobold is nearby!
You are too injured to fight recklessly!
You are too injured to fight recklessly!
A kobold is nearby!
You barely miss the kobold. The kobold closely misses you.
The kobold completely misses you.
You closely miss the kobold.
The kobold hits you with a +1 short sword of flaming.
* * * LOW HITPOINT WARNING * * *
The kobold burns you.
* * * LOW HITPOINT WARNING * * *
You barely miss the kobold. You block the kobold's attack.
The kobold hits you with a +1 short sword of flaming.
You die...

..........# #.#
..........# #.# .##
#....[..# #.###### ..#
#..(..####......# ...
##...#..........# #.#
###...###....... ####..#
#...####........
......K##.#### #........
.......@.....# #........
###.....>..#.###..#.....
(.......#..# #....#.....
###............#........
.......###..###....)(..
.....$... ..............
......... ....###.#...).
##.....## ......#.##...#
...... #.#...######


You could see a kobold.

Vanquished Creatures
  2 frilled lizards (D:1)
  A kobold (D:1)
3 creatures vanquished.

Notes
Turn   | Place    | Note
-------+----------+-------------------------------------------
     0 | D:1      | kae the Formicid Fighter began the quest for the Orb.
     0 | D:1      | Reached XP level 1. HP: 18/18 MP: 1/1
   118 | D:1      | Slain by a kobold

Illustrated notes

Levels and vault maps discovered:
D:1:      mainiacjoe_arrival_reflecting_pool, layout_rooms

Action                   || total
-------------------------++-------
Melee: Long sword        ||    25
Armor: Scale mail        ||     9
Dodge: Dodged            ||     9
Block: Kite shield       ||    12
       Rpst.: Long sword ||     2

Table legend: (Time is in decaauts)
 A = Elapsed time spent in this place.
 B = Non-inter-level travel time spent in this place.
 C = Inter-level travel time spent in this place.
 D = Time resting spent in this place.
 E = Time spent auto-exploring this place.
 F = Levels seen in this place.
 G = Mean time per level.
                   A        B        C        D        E       F      G
               +--------+--------+--------+--------+--------+-----+--------+
         Total |    129 |    129 |      0 |      0 |     83 |   1 |  129.0 |
       Dungeon |    129 |    129 |      0 |      0 |     83 |   1 |  129.0 |
               +--------+--------+--------+--------+--------+-----+--------+

Top non-repeatable levels by time:
     D:1: 129 daAuts
